 Dungeon Crawl Stone Soup version 0.29-a0-352-g0917bc69df (webtiles) character file.

Game seed: 5724742087279347530

142 spaghetti the Cleaver (level 5, 0/40 HPs)
             Began as a Gnoll Wanderer on Apr 24, 2022.
             Slain by an orc
             ... wielding a +0 trident
              (6 damage)
             ... on level 3 of the Dungeon.
             The game lasted 00:03:56 (2503 turns).

spaghetti the Cleaver (Gnoll Wanderer)              Turns: 2503, Time: 00:03:57

Health: 0/40       AC:  3    Str: 14 (17) XL:     5   Next: 25%
Magic:  7/7        EV: 11    Int:  8 (11) God:
Gold:   144        SH:  0    Dex:  6 (8)  Spells: 6/6 levels left

rFire   . . .      SeeInvis .   a - +2 hand axe {axe}
rCold   . . .      Faith    .   (no shield)
rNeg    . . .      Spirit   .   e - +0 leather armour
rPois   .          Reflect  .   j - +0 hat
rElec   .          Harm     .   (no cloak)
rCorr   .          Rampage  .   (no gloves)
Will    .....                   (no boots)
Stlth   +.........              (no amulet)
HPRegen 0.13/turn               (no ring)
MPRegen 0.10/turn               (no ring)

@: brilliant, attractive, flying
A: fangs 1, strong nose, distributed training
a: no special abilities


You were on level 3 of the Dungeon.
You visited 1 branch of the dungeon, and saw 3 of its levels.

You collected 144 gold pieces.


Innate Abilities, Weirdness & Mutations

You have very sharp teeth.
Your uncanny sense of smell can sniff out nearby items.
Your experience applies equally to all skills.


   Skills:
 + Level 2.9 Fighting
 + Level 1.4 Short Blades
 + Level 1.4 Long Blades
 + Level 10.5 Axes
 + Level 1.4 Maces & Flails
 + Level 1.4 Polearms
 + Level 1.4 Staves
 + Level 1.4 Slings
 + Level 1.4 Bows
 + Level 2.9 Crossbows
 + Level 1.4 Throwing
 + Level 2.9 Armour
 + Level 2.9 Dodging
 + Level 1.4 Stealth
 + Level 1.4 Shields
 + Level 1.4 Unarmed Combat
 + Level 1.4 Spellcasting
 + Level 1.1 Conjurations
 + Level 1.1 Hexes
 + Level 1.1 Summonings
 + Level 1.1 Necromancy
 + Level 1.1 Translocations
 + Level 1.1 Transmutations
 + Level 1.1 Fire Magic
 + Level 1.1 Ice Magic
 + Level 1.1 Air Magic
 + Level 1.1 Earth Magic
 + Level 1.1 Poison Magic
 + Level 1.6 Invocations
 + Level 2.9 Evocations


You had 6 spell levels left.
You didn't know any spells.
Your spell library contained the following spells:

 Spells                   Type           Power      Damage    Failure   Level
 Ignite Poison            Fire/Tmut/Pois 3%         N/A       65%         3
 Mephitic Cloud           Conj/Pois/Air  3%         N/A       65%         3
 Freezing Cloud           Conj/Ice/Air   1%         6-21      100%        5

Inventory:

Hand Weapons
 a - a +2 hand axe (weapon) {axe}
 b - a +0 hand crossbow {crossbow}
 h - a +0 dagger of protection {short}
   (You took it off a kobold on level 1 of the Dungeon)
 r - a +3 dagger {short}
   (You took it off a goblin on level 2 of the Dungeon)
Missiles
 g - 69 stones {throwing}
Armour
 e - a +0 leather armour (worn)
 j - a +0 hat (worn)
   (You found it on level 1 of the Dungeon)
Jewellery
 k - an amulet of faith {!P}
   (You found it on level 1 of the Dungeon)
 n - an amulet of magic regeneration {@e2}
   (You found it on level 1 of the Dungeon)
Scrolls
 d - a scroll of blinking {!r}
 f - a scroll of noise {unknown}
 l - 5 scrolls of identify {unknown}
 p - a scroll of torment {unknown}
 s - a scroll of immolation {!r!r}
 w - a scroll of teleportation {unknown}
Potions
 i - 4 potions of curing {@q1}
 m - 2 potions of attraction {!q}
 q - a potion of heal wounds {@q2}
Miscellaneous
 c - a piece from Xom's chessboard (15/15) (quivered)

Dungeon Overview and Level Annotations

Branches:
Dungeon (3/15)

Altars:
Qazlal

####.# #....#######
####.##.......#
#.............#
#####.##.....###..#
#.....###.#### .#
#.###.#.###
#.#gg###.=
#.@oo(....
.......#o.....#
##.###.##..#(.# ..#
.8.# . ...# #$..
#...# .### ###.# #
..


You could see 3 orcs, a hobgoblin and a goblin.


Message History

An orc comes into view. It is wielding a +0 hand axe.
A goblin comes into view. It is wielding a +0 dagger.
The goblin shouts!
The hobgoblin barely misses you.
You slash the hobgoblin!
You kill the hobgoblin!
The orc closely misses you.
You barely miss the orc. The orc hits you with a +0 club.
The orc closely misses you. 😕 HP[-3]
You take 3 damage, and now have 37/40 hp.
You are too injured to fight recklessly!
You are too injured to fight recklessly!
You are too injured to fight recklessly!
You are too injured to fight recklessly!
You are too injured to fight recklessly!
You are too injured to fight recklessly!
You are too injured to fight recklessly!
You are too injured to fight recklessly!
You are too injured to fight recklessly!
You are too injured to fight recklessly!
You are too injured to fight recklessly!
You are too injured to fight recklessly!
You are too injured to fight recklessly!
You are too injured to fight recklessly!
You are too injured to fight recklessly!
Unknown command.
It was a potion of attraction.
You feel attractive to monsters. The orc hits you with a +0 club.
The orc hits you from afar with a +0 trident.
The goblin barely misses you. 😮 HP[-9]
You take 9 damage, and now have 28/40 hp.
MASSIVE DAMAGE!! (PAUSE) It was a potion of curing.
You feel better. The goblin misses you. The orc misses you.
The orc hits you from afar with a +0 trident.
The hobgoblin completely misses you. 😕 HP[+5]
You regained 5 hp, and now have 33/40 hp.
It was a potion of degeneration.
There was something very wrong with that liquid.
You feel weakened.
You feel dopey.
You feel clumsy. The goblin barely misses you. The orc hits you with a +0 club.
The orc hits you from afar with a +0 trident.
The hobgoblin hits you but does no damage. 😮 HP[-8]
You take 8 damage, and now have 25/40 hp.
It was a potion of heal wounds.
You feel much better. The orc closely misses you.
The goblin hits you with a +0 club. The orc closely misses you.
The hobgoblin closely misses you. 😕 HP[+12]
You regained 12 hp, and now have 37/40 hp.
It was a potion of brilliance.
You feel clever all of a sudden. The goblin barely misses you.
The orc hits you but does no damage.
The orc hits you from afar with a +0 trident.
The hobgoblin hits you but does no damage. 😕 HP[-1]
You take 1 damage, and now have 36/40 hp.
It was a potion of magic.
Magic courses through your body. The goblin misses you.
The orc hits you with a +0 club.
The orc hits you from afar with a +0 trident.
The hobgoblin hits you. 😮 HP[-8]
You take 8 damage, and now have 28/40 hp.
It was a potion of flight.
You feel very buoyant.
You fly up into the air.
The goblin hits you with a +0 club. The orc misses you.
The orc barely misses you. The hobgoblin hits you. 😮 HP[-6]
You take 6 damage, and now have 22/40 hp.
You hit the orc but do no damage. You hit the goblin.
You kill the goblin!
You barely miss the hobgoblin. You completely miss the orc.
You hit the hobgoblin but do no damage. The orc hits you with a +0 club.
The hobgoblin hits you but does no damage.
The orc hits you from afar with a +0 trident.
* * * LOW HITPOINT WARNING * * *
😨 HP[-2]
You take 2 damage, and now have 20/40 hp.
You completely miss the orc. You barely miss the hobgoblin.
You closely miss the orc. The orc barely misses you.
The hobgoblin closely misses you. The orc hits you with a +0 hand axe.
* * * LOW HITPOINT WARNING * * *
The orc hits you from afar with a +0 trident.
* * * LOW HITPOINT WARNING * * *
😨 HP[-5]
You take 5 damage, and now have 15/40 hp.
You barely miss the orc. You closely miss the orc. You hit the hobgoblin.
The orc hits you with a +0 club.
* * * LOW HITPOINT WARNING * * *
The orc hits you with a +0 hand axe.
* * * LOW HITPOINT WARNING * * *
The hobgoblin hits you.
* * * LOW HITPOINT WARNING * * *
The orc hits you from afar with a +0 trident.
You die...

Skill      XL: |  1  2  3  4 |
---------------+-------------+-----
Axes           | | 10.5
Invocations    | 1 |  1.6
Short Blades   | 1 |  1.4
Long Blades    | 1 |  1.4
Maces & Flails | 1 |  1.4
Polearms       | 1 |  1.4
Staves         | 1 |  1.4
Slings         | 1 |  1.4
Bows           | 1 |  1.4
Throwing       | 1 |  1.4
Stealth        | 1 |  1.4
Shields        | 1 |  1.4
Unarmed Combat | 1 |  1.4
Spellcasting   | 1 |  1.4
Conjurations   | 1 |  1.1
Hexes          | 1 |  1.1
Summonings     | 1 |  1.1
Necromancy     | 1 |  1.1
Translocations | 1 |  1.1
Transmutations | 1 |  1.1
Fire Magic     | 1 |  1.1
Ice Magic      | 1 |  1.1
Air Magic      | 1 |  1.1
Earth Magic    | 1 |  1.1
Poison Magic   | 1 |  1.1
Fighting       | |  2.9
Crossbows      | |  2.9
Armour         | |  2.9
Dodging        | |  2.9
Evocations     | |  2.9

Action                   |  1- 3 |  4- 6 || total
-------------------------+-------+-------++-------
Melee: Hand axe          |    99 |    33 ||   132
       Bite              |     5 |     3 ||     8
  Use: Potion            |       |     7 ||     7
 Stab: Sleeping          |     1 |     1 ||     2
Armor: Leather armour    |    28 |     5 ||    33
Dodge: Dodged            |    64 |    27 ||    91

Levels and vault maps discovered:
D:1:      dpeg_arrival_windows_large_door, layout_loops_corners,
          item_on_display_b
D:2:      layout_basic, basic_altar, hellmonk_ecumenical_altar_blasted,
          uniq_natasha
D:3:      layout_basic, minmay_overflow_temple_star_quad,
          guppyfry_early_orc_mine

Notes
Turn   | Place    | Note
-------+----------+-------------------------------------------
     0 | D:1      | Reached skill level 10 in Axes
     0 | D:1      | spaghetti the Gnoll Wanderer began the quest for the Orb.
     0 | D:1      | spaghetti set off with the following items: a +2 hand axe
                  | {axe}, a +0 hand crossbow {crossbow}, a piece from Xom's
                  | chessboard (15/15), a scroll of blinking {!r}, a +0 leather
                  | armour
     0 | D:1      | Reached XP level 1. HP: 17/17 MP: 1/1
     0 | D:1      | magus.rc [v1.9.6]
    25 | D:1      | You add the spells Ignite Poison, Mephitic Cloud and
                  | Freezing Cloud to your library.
   342 | D:1      | Reached XP level 2. HP: 23/23 MP: 2/2
   836 | D:1      | Reached XP level 3. HP: 28/28 MP: 3/3
  1226 | D:2      | Found a faded altar of an unknown god.
  1358 | D:2      | Reached skill level 1 in Invocations
  1522 | D:2      | Reached skill level 1 in Short Blades
  1522 | D:2      | Reached skill level 1 in Long Blades
  1522 | D:2      | Reached skill level 1 in Maces & Flails
  1522 | D:2      | Reached skill level 1 in Polearms
  1522 | D:2      | Reached skill level 1 in Staves
  1522 | D:2      | Reached skill level 1 in Slings
  1522 | D:2      | Reached skill level 1 in Bows
  1522 | D:2      | Reached skill level 1 in Throwing
  1522 | D:2      | Reached skill level 1 in Stealth
  1522 | D:2      | Reached skill level 1 in Shields
  1522 | D:2      | Reached skill level 1 in Unarmed Combat
  1522 | D:2      | Reached skill level 1 in Spellcasting
  1611 | D:2      | Reached XP level 4. HP: 31/34 MP: 5/5
  1639 | D:2      | Found a stormy altar of Qazlal.
  1641 | D:2      | Noticed Natasha
  1647 | D:2      | Killed Natasha
  1724 | D:2      | Reached skill level 1 in Conjurations
  1724 | D:2      | Reached skill level 1 in Hexes
  1724 | D:2      | Reached skill level 1 in Summonings
  1724 | D:2      | Reached skill level 1 in Necromancy
  1724 | D:2      | Reached skill level 1 in Translocations
  1724 | D:2      | Reached skill level 1 in Transmutations
  1724 | D:2      | Reached skill level 1 in Fire Magic
  1724 | D:2      | Reached skill level 1 in Ice Magic
  1724 | D:2      | Reached skill level 1 in Air Magic
  1724 | D:2      | Reached skill level 1 in Earth Magic
  1724 | D:2      | Reached skill level 1 in Poison Magic
  1860 | D:2      | Noticed Natasha
  1874 | D:2      | Killed Natasha
  2138 | D:2      | Noticed Natasha
  2146 | D:2      | Killed Natasha
  2147 | D:2      | Reached XP level 5. HP: 23/40 MP: 5/7
  2503 | D:3      | HP: 8/40 [orc/+0 hand axe (6)]
  2503 | D:3      | Slain by an orc

Vanquished Creatures
  Natasha (thrice) (D:2)
  2 adders (D:2)
  A worm (D:2)
  6 ball pythons
  2 endoplasms
  2 giant cockroaches (D:1)
  7 goblins
  2 hobgoblins
  5 jackals
  6 kobolds (D:1)
  A quokka (D:1)
  6 bats
  4 frilled lizards
  2 rats
49 creatures vanquished.

Table legend:
 A = Non-vault XP
 B = Vault XP
 C = Vault XP percentage of total XP
 D = Non-vault monster count
 E = Vault monster count
 F = Vault count percentage of total count
                 A         B        C        D         E       F
            +---------+---------+-------+---------+---------+-------
      Total |     165 |      39 |  19.1 |      46 |       3 |   6.1
            +---------+---------+-------+---------+---------+-------
        D:1 |      43 |       0 |   0.0 |      27 |       0 |   0.0
        D:2 |     120 |      35 |  22.6 |      18 |       1 |   5.3
        D:3 |       2 |       4 |  66.7 |       1 |       2 |  66.7
            +---------+---------+-------+---------+---------+-------

Illustrated notes

Table legend:
 A = Kills in this place as a percentage of kills in entire the game.
 B = Kills by you in this place as a percentage of kills by you in the entire game.
 C = Kills by friends in this place as a percentage of kills by friends in the entire game.
 D = Other kills in this place as a percentage of other kills in the entire game.
 E = Experience gained in this place as a percentage of experience gained in the entire game.
 F = Experience gained in this place divided by the number of levels of this place that you have seen.
                   A       B       C       D       E      F
               +-------+-------+-------+-------+-------+----------------------
         Total | 100.0 | 100.0 |   N/A |   N/A | 100.0 |  68.0
       Dungeon | 100.0 | 100.0 |   N/A |   N/A | 100.0 |  68.0
               +-------+-------+-------+-------+-------+----------------------

Table legend: (Time is in decaauts)
 A = Elapsed time spent in this place.
 B = Non-inter-level travel time spent in this place.
 C = Inter-level travel time spent in this place.
 D = Time resting spent in this place.
 E = Time spent auto-exploring this place.
 F = Levels seen in this place.
 G = Mean time per level.
                   A        B        C        D        E       F      G
               +--------+--------+--------+--------+--------+-----+--------+
         Total |   2485 |   2392 |     93 |    252 |   1835 |   3 |  828.3 |
       Dungeon |   2485 |   2392 |     93 |    252 |   1835 |   3 |  828.3 |
               +--------+--------+--------+--------+--------+-----+--------+

Top non-repeatable levels by time:
     D:2: 1347 daAuts
     D:1: 1068 daAuts
     D:3: 69 daAuts
